Map: Ulrena

Players

Renegade

  • Race: Zerg Zerg
  • League: Platinum

Frozzen - Winner!

  • Race: Zerg Zerg
  • League: Gold

VOD

Have the link to the VOD?

Description

Time

  • Played on: Nov. 17, 2015, 10:19 p.m.
  • Length: 5:07
Show
View Real Time Build Order
Export as new Build Order

Renegade Zerg 

Build Orders: Pool First 

Get SALT Encoding   

  12  0:05  Drone  
  13  0:15  Overlord  
  13  0:19  Drone  
  14  0:33  Drone  
  14  0:34  Drone  
  16  0:40  Drone  
  17  0:50  Drone  
  18  1:01  Drone, Extractor  
  18  1:05  Spawning Pool  
  18  1:11  Drone  
  18  1:26  Hatchery  
  18  1:28  Drone  
  18  1:45  Drone x2  
  20  1:53  Queen  
  22  1:56  Overlord  
  22  2:07  Metabolic Boost  
  22  2:16  Zergling x2  
  22  2:17  Zergling x2  
  24  2:28  Overlord  
  24  2:40  Baneling Nest  
  23  2:54  Queen  
  23  2:57  Zergling x4  
  27  2:59  Queen  
  29  3:06  Drone x4  
  32  3:24  Baneling  
  32  3:25  Baneling  
  32  3:26  Drone x2  
  34  3:41  Drone  
  34  3:42  Drone x3  
  38  3:59  Zergling x2  
  34  4:05  Zergling x2  
  25  4:14  Zergling x2  
  24  4:26  Zergling x2  
  20  4:31  Zergling x4  
  20  4:36  Baneling x2  
Show
View Real Time Build Order
Export as new Build Order

Frozzen Zerg - Winner!

Build Orders: Hatch First 

Get SALT Encoding   

  12  0:01  Drone  
  13  0:14  Overlord  
  13  0:22  Drone  
  14  0:33  Drone x2  
  16  0:51  Hatchery  
  16  0:54  Drone  
  16  0:58  Drone  
  16  1:00  Drone  
  18  1:15  Spawning Pool  
  18  1:18  Drone  
  18  1:21  Extractor  
  18  1:23  Drone  
  18  1:30  Overlord  
  18  2:01  Queen  
  18  2:02  Zergling x6  
  18  2:03  Queen  
  18  2:06  Zergling x2  
  26  2:14  Zergling x4  
  28  2:22  Metabolic Boost  
  28  2:25  Zergling x2  
  29  2:35  Zergling x2  
  29  2:36  Zergling x4  
  32  2:48  Baneling Nest  
  32  2:50  Drone  
  32  2:52  Drone  
  32  2:57  Overlord  
  33  3:04  Zergling x2  
  34  3:08  Zergling x4  
  36  3:14  Overlord  
  36  3:22  Drone  
  36  3:23  Drone  
  36  3:24  Drone  
  39  3:28  Zergling x2  
  39  3:37  Zergling x6  
  43  3:48  Zergling x2  
  43  3:49  Zergling x6  
  43  4:06  Zergling x12  
  43  4:09  Baneling x2  
  47  4:10  Baneling  
  46  4:21  Zergling x8  
  40  4:34  Zergling x8  
  40  4:36  Baneling x2  
  40  4:38  Zergling x2  
  45  4:45  Zergling x2  
Tags
 
Matchup
ZvZ
Race
Zerg
Replay Pack
21-11-15
Add a new tag
Caveats
  • Supply blocks, unpowered buildings, or Contaminate may cause inaccurate times.
  • Supply counts are checked every 10 seconds.